[Event "German Bundesliga 2023-24"]
[Site "Germany"]
[Date "2024.02.25"]
[Round "11.35"]
[White "Plat, Vojtech"]
[Black "Tregubov, Pavel V."]
[Result "1/2-1/2"]
[ECO "C42"]
[WhiteElo "2503"]
[BlackElo "2567"]
[Annotator "TA"]
[PlyCount "41"]
[EventDate "2023.10.20"]
[EventType "team-tourn"]
[EventCountry "GER"]
[SourceTitle "playchess.com"]
[Source "ChessBase"]
[SourceQuality "1"]
[TimeControl "40/6000+30:3000+30"]

1. e4 e5 2. Nf3 Nf6 3. Nxe5 d6 4. Nf3 Nxe4 5. Nc3 Nf6 6. d4 Be7 7. Bd3 O-O 8. h3 Nbd7 9. O-O b6 10. Re1 {[%emt 0:03:30] White has more active pieces. The black rooks are passive.} (10. Nh4 $14) 10... Bb7 11. Ne4 Nxe4 12. Bxe4 Bxe4 13. Rxe4 Re8 14. Qd3 d5 15. Re1 Bd6 16. Bg5 f6 17. Bd2 c6 {[%emt 0:02:11] Repels Qb5} 18. Rxe8+ Qxe8 19. Re1 {[%emt 0:00:05] The position is equal.} Qf7 20. Qa6 Nf8 21. a4 {[%emt 0:00:11] Weighted Error Value: White=0.13 (very precise) /Black=0.09 (flawless) .  Mistake:       	White=1     	---        Inaccurate:     	White=1     	Black=2      OK:         	White=4     	Black=3      Best:        	---       	Black=1} 1/2-1/2

[Event "German Bundesliga 2023-24"]
[Site "Germany"]
[Date "2024.02.25"]
[Round "11.36"]
[White "Vrolijk, Liam"]
[Black "Burg, Twan"]
[Result "0-1"]
[ECO "A20"]
[WhiteElo "2569"]
[BlackElo "2530"]
[Annotator "RC"]
[PlyCount "82"]
[EventDate "2023.10.20"]
[EventType "team-tourn"]
[EventCountry "GER"]
[SourceTitle "playchess.com"]
[Source "ChessBase"]
[SourceQuality "1"]
[TimeControl "40/6000+30:3000+30"]

1. c4 e5 2. g3 Nf6 3. Bg2 c6 4. d4 e4 5. Qa4 d5 6. cxd5 b5 7. Qb3 cxd5 8. Bg5 Qa5+ 9. Kf1 Nbd7 10. Nh3 Bb7 11. Nd2 Bd6 12. f3 O-O 13. Kf2 h6 14. Be3 Nb6 15. Rhd1 Nc4 16. Kg1 Rfe8 17. fxe4 Nxe3 18. Qxe3 dxe4 19. Nb3 Qb6 20. Nc5 Ng4 21. Qc1 Rac8 22. b4 f5 23. Rf1 Rf8 24. Qd2 Rf7 25. e3 Bd5 26. a4 Qb8 27. Na6 Qb6 28. Nc5 Qb8 29. Na6 Qb6 30. Nc5 Qc7 31. Rfc1 Bxg3 32. hxg3 Qxg3 33. Rc3 Bc4 34. Rxc4 bxc4 35. Qe1 Qh2+ 36. Kf1 f4 37. exf4 Rxf4+ 38. Nxf4 Qxf4+ 39. Ke2 Qe3+ 40. Kd1 Qxd4+ 41. Ke2 Rxc5 0-1

[Event "German Bundesliga 2023-24"]
[Site "Germany"]
[Date "2024.02.25"]
[Round "11.37"]
[White "Swinkels, Robin"]
[Black "Zelbel, Patrick"]
[Result "1/2-1/2"]
[ECO "E73"]
[WhiteElo "2515"]
[BlackElo "2478"]
[Annotator "ChessBase"]
[PlyCount "56"]
[EventDate "2023.10.20"]
[EventType "team-tourn"]
[EventCountry "GER"]
[SourceTitle "playchess.com"]
[Source "ChessBase"]
[SourceQuality "1"]
[TimeControl "40/6000+30:3000+30"]

1. d4 Nf6 2. c4 g6 3. Nc3 Bg7 4. e4 d6 5. Be2 O-O 6. Be3 Nc6 7. Nf3 Ng4 8. Bg5 h6 9. Bh4 g5 10. Bg3 e5 11. d5 Nd4 12. h3 Nf6 13. Nxd4 exd4 14. Qxd4 Nh5 15. Qe3 Nxg3 16. Qxg3 Qe7 17. h4 Be5 18. Qe3 f5 19. hxg5 hxg5 20. exf5 Rxf5 21. Kf1 Rf7 22. Rh5 Rg7 23. Ne4 Bf5 24. Ng3 Bd7 25. Ne4 Bf4 26. Qd4 Be5 27. Qe3 Bf4 28. Qd4 Be5 1/2-1/2

[Event "German Bundesliga 2023-24"]
[Site "Germany"]
[Date "2024.02.25"]
[Round "11.38"]
[White "Hausrath, Daniel"]
[Black "Cyborowski, Lukasz"]
[Result "1/2-1/2"]
[ECO "A07"]
[WhiteElo "2462"]
[BlackElo "2479"]
[Annotator "RC"]
[PlyCount "40"]
[EventDate "2023.10.20"]
[EventType "team-tourn"]
[EventCountry "GER"]
[SourceTitle "playchess.com"]
[Source "ChessBase"]
[SourceQuality "1"]
[TimeControl "40/6000+30:3000+30"]

1. Nf3 d5 2. g3 b6 3. Bg2 Bb7 4. O-O e6 5. c4 dxc4 6. Qa4+ Nd7 7. Qxc4 Ngf6 8. b3 Be7 9. Bb2 c5 10. d3 O-O 11. Nbd2 a6 12. e4 b5 13. Qc2 Rc8 14. Rac1 Qb6 15. Qb1 Rfd8 16. Rfd1 Qa7 17. Bc3 Qb6 18. Bb2 Qa7 19. Bc3 Qb6 20. Bb2 Qa7 1/2-1/2

[Event "German Bundesliga 2023-24"]
[Site "Germany"]
[Date "2024.02.25"]
[Round "11.39"]
[White "Jaracz, Pawel"]
[Black "Buckels, Valentin"]
[Result "1/2-1/2"]
[ECO "C78"]
[WhiteElo "2472"]
[BlackElo "2429"]
[Annotator "RC"]
[PlyCount "43"]
[EventDate "2023.10.20"]
[EventType "team-tourn"]
[EventCountry "GER"]
[SourceTitle "playchess.com"]
[Source "ChessBase"]
[SourceQuality "1"]
[TimeControl "40/6000+30:3000+30"]

1. e4 e5 2. Nf3 Nc6 3. Bb5 a6 4. Ba4 Nf6 5. O-O Bc5 6. c3 O-O 7. d4 Ba7 8. dxe5 Nxe4 9. Qd5 Nc5 10. Bc2 Ne7 11. Qd1 d5 12. exd6 Qxd6 13. Qxd6 cxd6 14. Re1 Bf5 15. Na3 Bxc2 16. Nxc2 Nc6 17. Rd1 Ne5 18. Nce1 Rfe8 19. Nd4 Rad8 20. Kf1 Ne6 21. Nec2 d5 22. Rb1 1/2-1/2

[Event "German Bundesliga 2023-24"]
[Site "Germany"]
[Date "2024.02.25"]
[Round "11.40"]
[White "Gungl, Theo"]
[Black "Vandenbussche, Thibaut"]
[Result "0-1"]
[ECO "C07"]
[WhiteElo "2372"]
[BlackElo "2434"]
[Annotator "TA"]
[PlyCount "84"]
[EventDate "2023.10.20"]
[EventType "team-tourn"]
[EventCountry "GER"]
[SourceTitle "playchess.com"]
[Source "ChessBase"]
[SourceQuality "1"]
[TimeControl "40/6000+30:3000+30"]

1. e4 e6 2. d4 d5 3. Nd2 c5 4. Ngf3 cxd4 5. exd5 Qxd5 6. Bc4 Qd6 7. O-O Nf6 8. Nb3 Nc6 9. Nbxd4 Nxd4 10. Nxd4 Be7 11. c3 O-O 12. Qf3 Qc7 13. Bd3 Bd7 14. Bg5 Nd5 15. Bxe7 {[%emt 0:07:26] The position is equal.} Nxe7 16. Rfe1 Rad8 17. Rad1 Bc6 18. Qh3 (18. Nxc6 {simplifies} bxc6 19. Qe2 Rd7 20. Be4) 18... Ng6 19. Bxg6 hxg6 20. Qe3 Bd5 21. b3 Qa5 22. c4 Bc6 23. Nxc6 (23. a4 $14 {is more appropriate.}) 23... bxc6 $11 24. Qe2 c5 25. f4 Rd4 26. Rxd4 cxd4 {[%emt 0:00:01][%mdl 4096] Endgame. KQR-KQR} 27. Rd1 Rd8 28. g3 g5 29. Qe5 (29. fxg5 $11 {remains equal.} Qxg5 30. Kg2) 29... Qxa2 $17 30. Qxg5 {[%emt 0:00:18] [#]} Rd7 (30... f6 $1 $17 31. Qg4 Qxb3 32. Qxe6+ Kf8) 31. Qb5 $11 Qe2 32. Qxd7 Qxd1+ {[%emt 0:00:07] KQ-KQ} 33. Kg2 $1 g6 {[%emt 0:02:16] White must now prevent ...Qc2+.} 34. Qd8+ $2 {[%emt 0:03:12][%mdl 8192] Loses the game.} (34. Qd6 $11) 34... Kg7 $19 35. Qd6 Qe2+ {[%emt 0:11:02] Black mates.} ({Stronger than} 35... Qxb3 36. Qxd4+ Kf8 37. Qd8+ Kg7 38. Qd4+ Kf8 39. Qd6+ Ke8 40. Qc6+ Kf8 41. Kh3 $11) 36. Kh3 d3 37. Qd4+ {[%emt 0:00:02] [#]} e5 $1 38. fxe5 d2 39. e6+ f6 40. Qd7+ Kh6 41. e7 Qf1+ 42. Kh4 g5+ {[%emt 0:00:11] Weighted Error Value: White=0.39/Black=0.07 (flawless) .  Loses game:     	White=1     	---        Mistake:       	White=2     	Black=1      Inaccurate:     	White=1     	Black=1      OK:         	White=9     	Black=9      Best:        	---       	Black=3      Strong:       	White=1     	---} 0-1

[Event "German Bundesliga 2023-24"]
[Site "Germany"]
[Date "2024.02.25"]
[Round "11.41"]
[White "Livaic, Leon"]
[Black "Warmerdam, Max"]
[Result "1/2-1/2"]
[ECO "B76"]
[WhiteElo "2549"]
[BlackElo "2636"]
[Annotator "TA"]
[PlyCount "46"]
[EventDate "2023.10.20"]
[EventType "team-tourn"]
[EventCountry "GER"]
[SourceTitle "playchess.com"]
[Source "ChessBase"]
[SourceQuality "1"]
[TimeControl "40/6000+30:3000+30"]

1. e4 c5 2. Nf3 d6 3. d4 cxd4 4. Nxd4 Nf6 5. Nc3 Nc6 6. h4 g6 7. f3 Bg7 8. Be3 O-O 9. Qd2 d5 10. Nxc6 bxc6 11. O-O-O Be6 12. exd5 Nxd5 {[%emt 0:02:24] [#] And now ...Bxc3 would win.} 13. Bd4 {[%emt 0:02:03] Threatening Bxg7.} Bxd4 14. Qxd4 Qb6 15. Na4 Qa5 {[%emt 0:15:24] Strongly threatening ...Nb4.} 16. h5 g5 17. h6 f6 18. Qe4 Bf7 19. Bd3 {[%emt 0:01:17] White is more active.} Bg6 20. Qe6+ (20. Qc4 $14) 20... Bf7 $11 {[%emt 0:18:38] The position is equal.} 21. Qf5 Bg6 22. Qe6+ Bf7 23. Qf5 Bg6 {[%emt 0:00:05] Weighted Error Value: White=0.08 (flawless) /Black=0.11 (very precise) .  Mistake:       	White=1     	---        Inaccurate:     	---       	Black=1      OK:         	White=6     	Black=5      Best:        	---       	Black=3} 1/2-1/2

[Event "German Bundesliga 2023-24"]
[Site "Germany"]
[Date "2024.02.25"]
[Round "11.42"]
[White "Ragger, Markus"]
[Black "Kraemer, Martin"]
[Result "1/2-1/2"]
[ECO "B51"]
[WhiteElo "2615"]
[BlackElo "2579"]
[Annotator "TA"]
[PlyCount "99"]
[EventDate "2023.10.20"]
[EventType "team-tourn"]
[EventCountry "GER"]
[SourceTitle "playchess.com"]
[Source "ChessBase"]
[SourceQuality "1"]
[TimeControl "40/6000+30:3000+30"]

1. e4 c5 2. Nf3 d6 3. Bb5+ Nd7 4. O-O a6 5. Be2 Ngf6 6. d3 {[%emt 0:00:11] B51: Sicilian: Moscow Variation (3 Bb5+) without 3...Bd7.} e6 7. a4 Be7 8. a5 O-O 9. Re1 $146 ({Predecessor:} 9. Nc3 Nb8 10. e5 Ne8 11. exd6 Nxd6 12. d4 cxd4 13. Nxd4 e5 14. Nb3 Nc6 15. Nd5 {1-0 Gadimbayli,A (2460)-Gokerkan,C (2461) Moscow Aeroflot op-A 2020 (7)}) 9... Qc7 10. Bf1 Re8 11. h3 h6 12. Nbd2 b5 13. axb6 Nxb6 14. e5 dxe5 15. Nxe5 a5 16. Ndc4 Nxc4 17. Nxc4 a4 18. Be2 Bb7 19. Bf3 Bxf3 20. Qxf3 Nd5 21. Qg4 Nf6 22. Bf4 Qb7 23. Qg3 Nh5 24. Qe3 Nxf4 25. Qxf4 Ra6 26. Ra2 Rea8 27. Qe4 Qb8 28. Ne5 Qb5 29. Qc4 Qe8 30. Rea1 Bd6 31. Nf3 Qb8 32. Nd2 Rb6 33. Qe4 Rba6 $1 (33... Rxb2 $2 34. Rxb2 (34. Rxa4 Rxa4 35. Qxa4 Be5 $11) 34... Qd8 35. Rba2 $18 (35. Rxa4 Rc8 $18)) 34. Nc4 Be7 35. Ra3 R8a7 36. g3 Qb5 37. Kg2 Bf6 38. R1a2 g6 39. Qf4 Kg7 40. Nd6 Qc6+ 41. Ne4 Be7 42. Kg1 f5 43. Nd2 c4 44. Qd4+ ({Much less strong is} 44. Rc3 $6 Qd5 45. dxc4 (45. Qxc4 Qb7 $11) (45. Rxc4 Bg5 $11) 45... Qb7 $14) 44... e5 45. Qxe5+ ({Of course not} 45. Qxc4 Bxa3 46. Rxa3 Kh7 47. Qxc6 Rxc6 $17) 45... Kh7 46. Nxc4 $1 Bxa3 47. Rxa3 Qd7 48. Ra1 Re6 49. Qf4 Qb5 50. Qf3 1/2-1/2

[Event "German Bundesliga 2023-24"]
[Site "Germany"]
[Date "2024.02.25"]
[Round "11.43"]
[White "Neugebauer, Martin"]
[Black "Andersen, Mads"]
[Result "1/2-1/2"]
[ECO "C77"]
[WhiteElo "2529"]
[BlackElo "2606"]
[Annotator "ChessBase"]
[PlyCount "53"]
[EventDate "2023.10.20"]
[EventType "team-tourn"]
[EventCountry "GER"]
[SourceTitle "playchess.com"]
[Source "ChessBase"]
[SourceQuality "1"]
[TimeControl "40/6000+30:3000+30"]

1. e4 e5 2. Nf3 Nc6 3. Bb5 a6 4. Ba4 Nf6 5. d3 b5 6. Bb3 Bc5 7. c3 d6 8. O-O Ba7 9. a4 b4 10. a5 Rb8 11. Nbd2 O-O 12. h3 h6 13. Nc4 bxc3 14. bxc3 Be6 15. Re1 Qc8 16. Ba4 Ne7 17. Be3 Bxe3 18. Nxe3 Qb7 19. Qc2 Bb3 20. Bxb3 Qxb3 21. Reb1 Qxc2 22. Nxc2 Nc6 23. Nd2 Rxb1+ 24. Rxb1 Nxa5 25. Nb4 Ra8 26. Ra1 Nb7 27. Rxa6 1/2-1/2

[Event "German Bundesliga 2023-24"]
[Site "Germany"]
[Date "2024.02.25"]
[Round "11.44"]
[White "Van Wely, Loek"]
[Black "Krejci, Jan"]
[Result "1/2-1/2"]
[ECO "E04"]
[WhiteElo "2626"]
[BlackElo "2517"]
[Annotator "TA"]
[PlyCount "74"]
[EventDate "2023.10.20"]
[EventType "team-tourn"]
[EventCountry "GER"]
[SourceTitle "playchess.com"]
[Source "ChessBase"]
[SourceQuality "1"]
[TimeControl "40/6000+30:3000+30"]

1. Nf3 d5 2. c4 c6 3. d4 Nf6 4. Nc3 e6 5. g3 dxc4 6. Bg2 b5 7. Ne5 $1 {[%emt 0:02:36] 7.Ne5 scores better than 7.0-0.} Nd5 8. e4 {[%emt 0:02:38] E04: Open Catalan: 5 Nf3.} Nxc3 9. bxc3 Be7 10. Qg4 O-O 11. Bh6 Bf6 12. h4 Kh8 $146 ({Predecessor:} 12... c5 13. Rd1 cxd4 14. cxd4 Bb7 15. O-O Kh8 16. Bg5 Be7 17. d5 exd5 18. exd5 Bxg5 19. hxg5 {1-0 Toulzac,P (2297)-Jessel,S (2238) Paris Apsap op 75th 2004 (6)}) 13. Bg5 Qa5 14. O-O Bxe5 15. dxe5 Nd7 16. Be7 Re8 17. Bd6 Qxc3 18. Rac1 (18. Qf4 $15 {feels stronger.}) 18... Qa5 (18... Nxe5 $2 19. Qh5 Qd2 20. Rfd1 $18 (20. Bxe5 Qd7 $18) (20. Qxe5 Qxa2 21. Ra1 Qc2 $18)) 19. Qh5 Kg8 (19... Qxa2 20. Qxf7 Rg8 21. h5 $16 (21. Qxe6 Nc5 $17)) 20. f4 $1 b4 ({Black should try} 20... Qxa2 $17 {Threatens to win with ...Qb2.} 21. f5 exf5 22. Rxf5 g6) 21. f5 $1 $11 (21. Rxc4 $2 Ba6 (21... Qxa2 22. Rxb4 a5 23. Rbb1 $17) 22. Rxb4 Bxf1 23. Bxf1 Qxa2 $19) 21... exf5 (21... Qxa2 $2 22. fxe6 (22. Bxb4 exf5 23. Rxf5 c3 $15) 22... Kh8 23. exf7 $18 (23. exd7 Bxd7 24. Bxb4 Be6 $18)) (21... Nxe5 $2 22. f6 Qb6+ 23. Kh2 $18) 22. Rxf5 g6 (22... Qxa2 23. Qxf7+ (23. Rxf7 c3 $18) 23... Kh8 24. Qxe8+) 23. Qh6 $1 gxf5 24. exf5 Qb6+ $1 (24... Qxa2 25. f6 (25. Bxc6 Qb2 $11) 25... Nxf6 26. exf6) 25. Kh2 Qd4 $1 (25... Nxe5 $2 26. Bxe5 f6 27. Bxf6 $18 (27. Qxf6 Rxe5 28. Qxe5 Bxf5 $18)) 26. f6 $2 ({Only move:} 26. Rf1 $1 $15 Kh8 (26... Nxe5 $2 27. Bxe5 Rxe5 28. Rf4 $18) 27. Bxc6) 26... Qg4 $19 (26... Nxe5 27. Qg7#) 27. Rxc4 Qg6 (27... Nxe5 28. Bxe5 Qg6 (28... Qxc4 29. Qg7#) 29. Qxg6+ fxg6 (29... hxg6 30. Bxc6 Rxe5 31. Bxa8 $11) 30. Bxc6 Rxe5 31. Bxa8 Re2+ 32. Kh1 $11) 28. Qf4 (28. Qxg6+ {might work better.} hxg6 29. Bxc6) 28... Nb6 $19 (28... b3 29. Be4 Nxe5 (29... bxa2 $2 30. Bxg6 hxg6 31. Ra4 $18) 30. Bxg6 Ng4+ 31. Kg2 Re2+ 32. Kg1 (32. Kf1 Rf2+ 33. Qxf2 Nxf2 $11) 32... Re1+ (32... hxg6 33. axb3 Re1+ 34. Kg2 $14) (32... bxa2 $2 33. Bxf7+ Kxf7 34. Rc1 $18) 33. Kg2 Re2+ (33... bxa2 34. Bd3 $11) 34. Kg1 (34. Kf1 Rf2+ 35. Qxf2 Nxf2 $15) 34... Re1+ (34... hxg6 35. axb3 Bf5 36. Be7 $11) (34... bxa2 $2 35. Bxf7+ Kxf7 36. Rc1 $18) 35. Kg2 bxa2 36. Bd3 $11 (36. Ra4 hxg6 37. Rxa2 Be6 $17)) 29. Rxc6 Bf5 (29... Be6 $142 30. Be7 Nd5 (30... Bxa2 31. Be4 $17)) 30. e6 $19 Rxe6 $2 (30... Rac8 $19 31. e7 Nd7 (31... Qxf6 32. Be5 $15)) 31. Rc5 $17 {[%emt 0:00:00] [#]} Rxf6 ({Better is} 31... Be4 $1 $17 32. Rg5 Nd5) 32. Bxa8 $11 Bd7 (32... Nxa8 $2 {loses.} 33. Be7 $18) 33. Qxb4 h6 ({Inferior is} 33... Nxa8 34. Qb8+) (33... Rxd6 $2 {perishes.} 34. Rg5 $18) 34. Be4 Qg4 35. Bf4 Rxf4 36. gxf4 Qxf4+ 37. Kg1 (37. Kg2 $5 Qg4+ $8 38. Kh1 $11) 37... Qe3+ 1/2-1/2

[Event "German Bundesliga 2023-24"]
[Site "Germany"]
[Date "2024.02.25"]
[Round "11.45"]
[White "Kraus, Tomas"]
[Black "Ganguly, Surya Shekhar"]
[Result "1/2-1/2"]
[ECO "C47"]
[WhiteElo "2491"]
[BlackElo "2578"]
[Annotator "TA"]
[PlyCount "117"]
[EventDate "2023.10.20"]
[EventType "team-tourn"]
[EventCountry "GER"]
[SourceTitle "playchess.com"]
[Source "ChessBase"]
[SourceQuality "1"]
[TimeControl "40/6000+30:3000+30"]

1. e4 e5 2. Nf3 Nc6 3. Nc3 Nf6 4. d4 exd4 5. Nxd4 Bb4 6. Nxc6 bxc6 7. Bd3 O-O 8. O-O d5 9. Bd2 Bxc3 {[%emt 0:07:48] C47: Scotch Four Knights and Four Knights with 4 g3.} 10. Bxc3 Nxe4 11. Bxe4 dxe4 12. Qh5 h6 13. Qe5 $146 ({Predecessor:} 13. Rfe1 f5 14. Re3 Qg5 15. Rg3 Qxh5 16. Rxg7+ Kh8 17. Rf7+ Kg8 18. Rg7+ Kh8 19. Rg5+ {1-0 Boyer,M (2439)-Lopez Gracia,F (2259) Titled Tuesday intern op 21st Jun Late blitz 2022 (2)}) 13... Qg5 14. Qxe4 Qg6 15. Qxg6 fxg6 16. Rfe1 Bf5 17. Rad1 Rad8 18. h4 Kf7 19. Rd4 Rxd4 20. Bxd4 a6 21. c3 Rd8 22. b4 h5 23. a4 Bc2 24. a5 Re8 25. Be5 Re7 26. Kh2 Rd7 27. Kg3 Rd1 ({Better is} 27... c5 $14) 28. Rxd1 $16 Bxd1 29. Kf4 c5 (29... Ke6 $16 30. Bxc7 (30. Bxg7 Be2 $16) 30... Bb3) 30. b5 $1 $18 (30. Bxc7 cxb4 31. cxb4 Bb3 $16) (30. bxc5 c6 $14) 30... axb5 31. a6 $1 (31. Bxc7 $6 Ke6 $16) 31... Bb3 32. Bxc7 Ke6 33. Kg5 Bd5 34. f3 (34. Kxg6 $18 {is the precise move to win. Hoping for f3.} Bxg2 35. f4 (35. Kxh5 $2 Kf5 36. Bh2 Bf3#) (35. Kxg7 Bf3 $11) 35... Be4+ 36. Kxg7) 34... b4 $16 35. cxb4 (35. Kxg6 $2 {is the wrong capture.} b3 36. c4 Bxc4 $19 (36... b2 $2 37. cxd5+ Kxd5 38. Kxg7 $19)) 35... cxb4 36. Ba5 (36. Kxg6 $2 b3 37. Kxh5 b2 $19) 36... b3 37. Bc3 $1 (37. Kxg6 $2 {loses.} b2 38. Kg5 b1=Q $19 (38... b1=B 39. Kxh5 Ke7 40. Kg4 $17)) 37... Kf7 38. Kf4 Ba8 39. Ke5 Ke7 40. a7 Bb7 41. Kf4 Kf7 42. Ke3 Ke6 43. Bxg7 Kf5 44. Kf2 g5 (44... Bc6 $16 {is a better defense.} 45. Ke3 Bd5) 45. Kg3 $18 gxh4+ 46. Kxh4 Kg6 47. Bb2 Bc6 {[%emt 0:01:16] [#]} 48. Kg3 $1 Kf5 {[%emt 0:00:08] [#]} 49. Bc1 $1 Bb7 50. Kf2 h4 51. Ke3 Ba8 52. Kd3 h3 53. gxh3 Bxf3 54. Kc4 (54. Kc3 $16 Bd5 55. Be3) 54... Kg6 55. Kxb3 (55. h4 $5 Kh5 $8 56. Kxb3 Kxh4 57. Kb4 $11) 55... Kh5 56. Bg5 Kxg5 57. h4+ Kxh4 58. a8=B Bd5+ 59. Bxd5 1/2-1/2

[Event "German Bundesliga 2023-24"]
[Site "Germany"]
[Date "2024.02.25"]
[Round "11.46"]
[White "Nikolic, Predrag"]
[Black "Ferreira, Jorge Viterbo"]
[Result "0-1"]
[ECO "E11"]
[WhiteElo "2531"]
[BlackElo "2525"]
[Annotator "ChessBase"]
[PlyCount "68"]
[EventDate "2023.10.20"]
[EventType "team-tourn"]
[EventCountry "GER"]
[SourceTitle "playchess.com"]
[Source "ChessBase"]
[SourceQuality "1"]
[TimeControl "40/6000+30:3000+30"]

1. d4 Nf6 2. c4 e6 3. Nf3 Bb4+ 4. Bd2 Qe7 5. g3 Nc6 6. Nc3 Bxc3 7. Bxc3 Ne4 8. Rc1 O-O 9. Bg2 d6 10. O-O e5 11. d5 Nd8 12. Nd2 Nxc3 13. Rxc3 f5 14. c5 Nf7 15. b4 Bd7 16. a4 e4 17. Qb3 h5 18. Rfc1 b6 19. a5 Bb5 20. cxb6 cxb6 21. Rc7 Qf6 22. Qe3 Ne5 23. h3 bxa5 24. bxa5 Rf7 25. Nb3 Rxc7 26. Rxc7 Bc4 27. Rxa7 Rb8 28. Nd4 Rb1+ 29. Bf1 Bxd5 30. Rc7 Nc6 31. Rc8+ Kh7 32. Nc2 Nxa5 33. Qa7 Nc4 34. Qa6 f4 0-1

[Event "German Bundesliga 2023-24"]
[Site "Germany"]
[Date "2024.02.25"]
[Round "11.47"]
[White "Winterberg, Lukas"]
[Black "Naumann, Alexander"]
[Result "1-0"]
[ECO "D38"]
[WhiteElo "2410"]
[BlackElo "2498"]
[Annotator "TA"]
[PlyCount "83"]
[EventDate "2023.10.20"]
[EventType "team-tourn"]
[EventCountry "GER"]
[SourceTitle "playchess.com"]
[Source "ChessBase"]
[SourceQuality "1"]
[TimeControl "40/6000+30:3000+30"]

1. d4 Nf6 2. Nf3 d5 3. c4 e6 4. Nc3 Bb4 5. Qa4+ Nc6 6. a3 Bxc3+ 7. bxc3 Ne4 8. e3 Nxc3 9. Qc2 Ne4 {[%emt 0:00:06] The position is equal.} 10. Bd3 Na5 11. cxd5 exd5 12. Bxe4 dxe4 13. Qxe4+ Qe7 14. Qxe7+ Kxe7 15. Bd2 Nc4 16. Rc1 Nxd2 17. Kxd2 c6 18. Rb1 f6 19. e4 Rf8 20. g4 h5 21. h3 Rh8 (21... b6 $11) 22. Nh4 $14 Kf7 {[%emt 0:00:27] Against Ng6} 23. Nf5 hxg4 (23... b6 $11) 24. hxg4 $16 Rxh1 25. Rxh1 {[%emt 0:00:09] [#] Rh8 is the strong threat.} Bxf5 26. gxf5 $11 {[%emt 0:00:03][%mdl 4096] Endgame. KR-KR} ({Reject} 26. exf5 $6 b5 $11) 26... Rc8 27. f4 c5 $2 {[%emt 0:11:07][%mdl 8192] Loses the game.} (27... Rb8 $16 {is a better chance.} 28. Kc3 Rc8) 28. d5 $18 Re8 29. Kd3 b5 30. Rc1 Rc8 (30... c4+ $142 31. Kd4 Rh8) 31. e5 Ke7 32. d6+ Kd7 33. Ke4 {[%emt 0:00:11] [#] White wants to mate with Kd5.} Kc6 34. Rd1 {[%emt 0:00:32] Intending d7 and mate.} Rd8 35. e6 {[%emt 0:00:13] Threatening mate with d7.} Rxd6 36. e7 Rxd1 37. e8=Q+ (37. e8=R {is a self mate.} Re1+ 38. Kd3 Rxe8 39. Kc3 Kd5 40. Kd3 b4 41. axb4 cxb4 42. Kd2 Kc4 43. Kc2 b3+ 44. Kd2 Re4 45. Kc1 Kc3 (45... Rxf4 46. Kd2 Re4 47. Kc1 Kc3 48. Kd1 a5 49. Kc1 Re1#) 46. Kd1 Re7 47. Kc1 Re1#) 37... Kb6 38. Qb8+ Ka6 39. Qc7 c4 40. Qxg7 Rd6 41. Qc7 Rb6 42. Kd4 {[%emt 0:00:00] Weighted Error Value: White=0.09 (flawless) /Black=0.76.  Loses game:     	---       	Black=1      Mistake:       	---       	Black=3      Inaccurate:     	White=2     	Black=4      OK:         	White=8     	Black=6      Best:        	White=2     	---} 1-0

[Event "German Bundesliga 2023-24"]
[Site "Germany"]
[Date "2024.02.25"]
[Round "11.48"]
[White "Wegerle, Joerg"]
[Black "Tica, Sven"]
[Result "0-1"]
[ECO "A40"]
[WhiteElo "2405"]
[BlackElo "2444"]
[Annotator "TA"]
[PlyCount "64"]
[EventDate "2023.10.20"]
[EventType "team-tourn"]
[EventCountry "GER"]
[SourceTitle "playchess.com"]
[Source "ChessBase"]
[SourceQuality "1"]
[TimeControl "40/6000+30:3000+30"]

1. Nf3 g6 2. d4 Bg7 3. Nc3 d6 4. g3 Bd7 5. Bg2 Qc8 6. h4 (6. e4 $14 {should be considered.}) 6... h6 7. e4 Nf6 8. Qe2 {[%emt 0:11:32] White is slightly better.} Ng4 9. e5 Nc6 10. O-O O-O 11. Nd5 Bf5 12. c3 Qd7 13. Bf4 Rac8 14. Rfe1 Qd8 (14... Kh7 $14) 15. Rad1 $16 Kh7 16. Qb5 Rb8 17. Ne3 {[%emt 0:01:15] [#] Threatens to win with Nxf5.} Nxe3 18. Bxe3 Bg4 19. Rd2 Qc8 20. Nh2 Bd7 21. Qe2 b5 (21... dxe5 $16 22. dxe5 Be6) 22. f4 (22. e6 $18 fxe6 23. Be4) 22... Na5 23. b3 {[%emt 0:00:33] Against Nc4} f6 (23... h5 $16 24. Bf2 c6) 24. h5 $18 g5 25. Qd3+ (25. e6 $18 {has better winning chances.} Bxe6 26. fxg5 fxg5 27. Bxg5 hxg5 28. Qxe6) 25... Bf5 $16 26. Be4 fxe5 $2 (26... Bxe4 {might work better.} 27. Qxe4+ Kg8) 27. dxe5 $2 (27. g4 $18 {and White stays clearly on top.} Bxe4 28. Qxe4+ Kg8 29. fxg5 (29. fxe5 dxe5 30. dxe5 Qb7 $14) 29... hxg5 30. Nf3 (30. Bxg5 Qe8 $18) 30... Rxf3 31. Qxf3) 27... gxf4 (27... Bxe4 $16 {was worth a try.} 28. Qxe4+ Qf5 29. Qxf5+ (29. Bxa7 Rb7 $16) 29... Rxf5) 28. Bxf5+ $2 (28. gxf4 Bxe4 29. Qxe4+ Qf5 30. Bxa7 Rbe8 $15) (28. Bxf4 Nb7 29. exd6 (29. Qxb5 $2 Bxe4 30. Rxe4 Nc5 $19) 29... exd6) (28. Bxa7 $18 Ra8 29. e6 Rxa7 (29... Qxe6 $2 30. g4 $18) 30. Bxf5+ Kh8 31. gxf4) 28... Qxf5 $11 29. Bxf4 ({Much weaker is} 29. gxf4 dxe5 30. Qxf5+ (30. Bxa7 Qxd3 31. Rxd3 Ra8 $17) 30... Rxf5 $17) 29... Nc6 30. exd6 (30. Nf3 $14) 30... cxd6 31. Re3 $2 {[%emt 0:00:42] [#]} (31. Re4 $11 {and White has nothing to worry.}) 31... e5 $1 $19 {[%emt 0:00:24] And now ...Qxd3 would win.} 32. Qxf5+ Rxf5 {[%emt 0:00:01] Weighted Error Value: White=0.50/Black=0.34.  Loses game:     	White=1     	---        Missed win:     	White=3     	---        Mistake:       	White=2     	Black=5      Inaccurate:     	White=1     	Black=2      OK:         	White=9     	Black=6      Strong:       	---       	Black=1} 0-1